 Dungeon Crawl Stone Soup version 0.20.1-1-g8b1a95d (webtiles) character file.

29 letownia2 the Grave Robber (level 3, 0/28 HPs)
             Began as a Deep Dwarf Necromancer on Nov 12, 2017.
             Slain by a white imp (3 damage)
             ... summoned by Natasha
             ... on level 2 of the Dungeon.
             The game lasted 00:03:05 (916 turns).

letownia2 the Grave Robber (Deep Dwarf Necromancer)  Turns: 916, Time: 00:03:05

Health: 0/28       AC:  5    Str: 11    XL:     3   Next: 1%
Magic:  1/6        EV: 11    Int: 16    God:
Gold:   35         SH:  0    Dex: 13    Spells: 2/6 levels left

rFire    . . .     SeeInvis .   (no weapon)
rCold    . . .     Gourm    .   (no shield)
rNeg     . . .     Faith    .   k - +0 ring mail
rPois    .         Spirit   .   (no helmet)
rElec    .         Reflect  .   (no cloak)
rCorr    .         Harm     .   (no gloves)
MR       .....                  (no boots)
Stlth    +.........             (no amulet)
Regen    0.0/turn               (no ring)
MPRegen  0.1/turn               (no ring)

@: non-regenerating, slowed, very slow
A: damage resistance, heal wounds, sense surroundings 1, no regeneration
a: Heal Wounds


You were on level 2 of the Dungeon.
You were not hungry.

You visited 1 branch of the dungeon, and saw 3 of its levels.

You collected 35 gold pieces.

Inventory:

Hand Weapons
 g - a cursed -3 hunting sling
Armour
 a - a +0 robe
 d - +0 fire dragon scales
 k - a +0 ring mail (worn)
Scrolls
 e - a scroll of remove curse {unknown}
 j - 2 scrolls of immolation {unknown}
 m - a scroll of identify {unknown}
 n - a scroll of teleportation {unknown}
Potions
 l - a potion of mutation {unknown}
Books
 b - a book of Necromancy

   Spells                             Type                      Level
   a - Pain                           Necromancy                   1
   b - Animate Skeleton               Necromancy                   1
   c - Vampiric Draining              Necromancy                   3
   d - Regeneration                   Charms/Necromancy            3
   e - Animate Dead                   Necromancy                   4
   f - Control Undead                 Necromancy                   4
Comestibles
 c - 3 bread rations
 f - a meat ration
 h - a royal jelly
 i - a chunk of flesh


   Skills:
 - Level 2.1 Dodging
 - Level 2.4 Stealth
 + Level 2.2 Spellcasting
 + Level 5.1 Necromancy


You had 2 spell levels left.
You knew the following spells:

 Your Spells              Type           Power        Failure   Level  Hunger
a - Pain                  Necr           ###.         6%          1    #......
v - Vampiric Draining     Necr           ###.......   19%         3    ###....


Dungeon Overview and Level Annotations

Branches:
Dungeon (3/15)

Altars:
Uskayaw

Annotations:
D:2 Natasha, Terence


Innate Abilities, Weirdness & Mutations

You are resistant to damage.
You can heal yourself by infusing magical energy.
You passively map a small area around you.
You do not regenerate.


Message History

Natasha stares at you and mumbles some strange words.
You resist with some effort.
Natasha mumbles some strange words.
Natasha shimmers violently.
Natasha closely misses you.
You hit Natasha but do no damage.
Natasha is severely wounded.
Natasha casts a spell.
Unknown command.
You closely miss Natasha.
Natasha is severely wounded.
Natasha claws you but does no damage. Natasha barely misses you.
Your magical contamination has completely faded away.
Unknown command.
You hit Natasha but do no damage.
Natasha is severely wounded.
The white imp hits you.
* * * LOW HITPOINT WARNING * * *
The white imp freezes you.
You die...

# ... .....##.., *..#
####. * ...
........#####.##..... ,
, .?.,
#.......>##........ ,
.._..
..###.....##...........
#......................,
,
#####.....#####.#.....,
* ....(......###....##..
,.###.....h...#...##*, ,
.###....5@.......# , ,,
,.......รท..)......... ,
, ....#..#.####....... ,
......##.# #......#
...... ... ..$..... ,
.....###... ,....### *
..... ,..##. #.#$# ##..
, #.. .. ...# , , ...
..#* .#


You could see Natasha and a white imp.

Vanquished Creatures
  An adder (D:2)
  A dart slug (D:1)
  A leopard gecko (D:1)
  A giant cockroach (D:1)
  3 hobgoblins
  2 kobolds
  3 bats
  A frilled lizard (D:1)
  3 rats
16 creatures vanquished.

Notes
Turn   | Place    | Note
-------+----------+-------------------------------------------
     0 | D:1      | letownia2 the Deep Dwarf Necromancer began the quest for the Orb.
     0 | D:1      | Reached XP level 1. HP: 15/15 MP: 3/3
   413 | D:1      | Reached XP level 2. HP: 19/22 MP: 0/4
   654 | D:2      | Found a hide-covered altar of Uskayaw.
   654 | D:2      | Noticed Terence
   657 | D:2      | Reached skill level 5 in Necromancy
   760 | D:2      | Noticed Natasha
   859 | D:3      | Reached XP level 3. HP: 24/28 MP: 4/6
   864 | D:3      | Learned a level 3 spell: Vampiric Draining
   916 | D:2      | Slain by a white imp

Skill      XL: |  1  2 |
---------------+-------+-----
Spellcasting   | 2 |  2.2
Necromancy     | 5 |  5.1
Dodging        | |  2.1
Stealth        | |  2.4

Action                   || total
-------------------------++-------
Melee: Unarmed           ||    14
 Cast: Pain              ||    44
  Eat: Chunk             ||     1
Armor: Ring mail         ||     2
Dodge: Dodged            ||    12
